 Dungeon Crawl Stone Soup version 0.19.5 (webtiles) character file.

713 Agorwal the Cleaver (level 8, -1/58 HPs)
             Began as a Formicid Chaos Knight on May 11, 2017.
             Slain by a gnoll sergeant
             ... wielding a +2 spear of piercing
             ... summoned by Xom
              (6 damage)
             ... on level 5 of the Dungeon.
             The game lasted 00:07:42 (4868 turns).

Agorwal the Cleaver (Formicid Chaos Knight)         Turns: 4868, Time: 00:07:42

Health: -1/58      AC: 10    Str: 21    XL:     8   Next: 1%
Magic:  8/8        EV: 11    Int: 11    God:    Xom [......]
Gold:   264        SH:  0    Dex: 12    Spells: 0 memorised, 7 levels left

rFire  . . .     SeeInvis +     a - +1 hand axe (chaos)
rCold  . . .     Gourm    .     b - +2 leather armour
rNeg   . . .     Faith    .     (no shield)
rPois  .         Spirit   .     (helmet unavailable)
rElec  .         Reflect  .     (no cloak)
rCorr  .         Harm     .     w - +1 pair of gloves
MR     .....                    e - +0 pair of boots
Stlth  ++........               (no amulet)
                                (no ring)
                                (no ring)

@: mighty
A: permanent stasis, dig shafts and tunnels, four strong arms, antennae 3, claws
1, thin skeletal structure 1, yellow scales 1, sense surroundings 1, screaming
2, weak 2
a: Dig, Shaft Self, Renounce Religion


You were on level 5 of the Dungeon.
You worshipped Xom.
You were a very special plaything of Xom.
You were not hungry.

You visited 1 branch of the dungeon, and saw 5 of its levels.

You collected 264 gold pieces.

Inventory:

Hand Weapons
 a - a +1 hand axe of chaos (weapon)
Armour
 b - a +2 leather armour (worn)
 e - a +0 pair of boots (worn)
 w - a +1 pair of gloves (worn)
Wands
 m - a wand of acid (5/15)
 t - a wand of disintegration (4/24)
Scrolls
 d - 8 scrolls of identify {unknown}
 f - 2 scrolls of random uselessness {unknown}
 g - a scroll of immolation
 j - a scroll of teleportation {unknown}
 k - 3 scrolls of fog {unknown}
 l - a scroll of noise {unknown}
 p - 3 scrolls of remove curse {unknown}
 s - a scroll of magic mapping {unknown}
 u - a scroll of vulnerability {unknown}
 x - a scroll of recharging {unknown}
 y - a scroll of fear {unknown}
 A - a scroll of amnesia {unknown}
Potions
 h - a potion of haste
 i - 2 potions of lignification
 q - a potion of mutation
Comestibles
 r - 2 bread rations
 v - 5 chunks of flesh
 z - a slice of pizza
 B - a meat ration


   Skills:
 + Level 3.4 Fighting
 + Level 8.6 Axes
 + Level 2.3 Armour
 + Level 1.2 Dodging


You had 7 spell levels left.
You didn't know any spells.

Dungeon Overview and Level Annotations

Branches:
Dungeon (5/15)
 Temple: D:4-7

Altars:
Ru
Xom

Shops:
D:4 *   D:5 :


Innate Abilities, Weirdness & Mutations

You are under a permanent stasis effect.
You can dig through walls and to a lower floor.
Your four strong arms can wield two-handed weapons with a shield.
You have a pair of large antennae on your head. (SInv)
You have sharp fingernails.
You have a somewhat thin skeletal structure. (Dex +2, Stealth)
You are partially covered in yellow scales. (AC +2)
You passively map a small area around you.
You sometimes yell uncontrollably at your foes.
You are very weak. (Str -4)


Message History

Okay, then.
As you read the scroll labeled RIEROMM ASONT, it crumbles to dust.
It is a scroll of enchant weapon.
Your +0 hand axe of chaos glows red for a moment.
The leopard gecko bites you but does no damage.
The gnoll sergeant hits you but does no damage.
The gnoll hits you but does no damage.
The leopard gecko bites you but does no damage.
Okay, then.
As you read the scroll labeled ISOPOO LONTY, it crumbles to dust.
The air around you briefly surges with heat, but it dissipates.
It was a scroll of immolation.
The gnoll sergeant misses you. The gnoll hits you but does no damage.
The leopard gecko closely misses you.
Unknown command.
You hit the leopard gecko.
You kill the leopard gecko!
The leopard gecko's corpse disappears in a puff of smoke!
The gnoll sergeant hits you from afar with a spear of piercing.
You die... "This toy is broken."

###.......###.####..# *
**#######.......#........#..#.
......................>...#.
######.#...#.########.##... ,
* , #.#<..#..........#.)#. , {
* #.#################.## ,
#.#... {, ,.........÷
.###.#.#g###############..#
,..........)@§....(.. ......
#.###.#.#g##########*#####.. ,
* #.#"#.# ##. ?,#.#.# * * .
*.# #.#.., , , # #. #.#.. , #
#.#...{ , ,..#... , * ,


You could see a gnoll sergeant and a gnoll.

Vanquished Creatures
  The ghost of NullDivider the Covert, a novice OpEE (D:4)
  A boggart (D:1)
  A centaur (D:5)
  A howler monkey (D:3)
  A hound (D:5)
  A centaur skeleton (D:4)
  3 adders
  2 oozes
  A worm (D:1)
  3 dart slugs
  2 leopard geckos
  14 orcs
  5 giant cockroaches
  4 hobgoblins
  8 kobolds
  A quokka (shapeshifter) (D:3)
  A quokka (D:5)
  3 ball pythons
  3 bats
  A frilled lizard (D:1)
  5 goblins
  A quokka zombie (D:5)
  7 rats
70 creatures vanquished.

Vanquished Creatures (collateral kills)
  A quokka (D:4)
1 creature vanquished.

Grand Total: 71 creatures vanquished

Notes
Turn   | Place    | Note
-------+----------+-------------------------------------------
     0 | D:1      | Agorwal the Formicid Chaos Knight began the quest for the Orb.
     0 | D:1      | Reached XP level 1. HP: 18/18 MP: 1/1
    60 | D:1      | XOM: potion effect (brilliance)
    67 | D:1      | Reached XP level 2. HP: 5/24 MP: 2/2
   138 | D:1      | XOM: give mutations
   138 | D:1      | Gained mutation: You are weak. (Str -2) [Xom's mischief]
   138 | D:1      | Gained mutation: You are very weak. (Str -4) [Xom's mischief]
   138 | D:1      | Gained mutation: You occasionally shout uncontrollably at your foes. [Xom's mischief]
   732 | D:1      | Reached skill level 4 in Axes
   732 | D:1      | Reached XP level 3. HP: 22/29 MP: 3/3
   985 | D:1      | XOM: smoke on damage
   986 | D:1      | Noticed a boggart
   986 | D:1      | a kobold changed into a boggart
   992 | D:1      | Killed a boggart
   992 | D:1      | Reached skill level 5 in Axes
   992 | D:1      | Reached XP level 4. HP: 19/35 MP: 4/4
   992 | D:1      | Reached XP level 5. HP: 23/41 MP: 5/5
  1817 | D:1      | XOM: give mutations
  1817 | D:1      | Gained mutation: You have a somewhat thin skeletal structure. (Dex +2, Stealth) [Xom's grace]
  1817 | D:1      | Gained mutation: You passively map a small area around you. [Xom's grace]
  1982 | D:2      | XOM: confuse monster(s)
  2079 | D:2      | XOM: give mutations
  2079 | D:2      | Gained mutation: You are partially covered in yellow scales. (AC +2) [Xom's mischief]
  2079 | D:2      | Lost mutation: You are very weak. (Str -4) [Xom's mischief]
  2177 | D:2      | Found a sacrificial altar of Ru.
  2466 | D:2      | XOM: scenery: create altars
  3018 | D:3      | XOM: god gift: scroll labeled DURENAOQUQ {god gift}
  3076 | D:3      | Reached skill level 6 in Axes
  3076 | D:3      | Reached XP level 6. HP: 47/47 MP: 6/6
  3438 | D:4      | Noticed NullDivider's ghost (novice OpEE)
  3465 | D:4      | XOM: destruction
  3471 | D:4      | XOM: enchant monster (good)
  3473 | D:4      | XOM: cast spell 'Statue Form'
  3474 | D:4      | XOM: summons 4 friendly demons
  3675 | D:3      | XOM: scenery: create altars
  3979 | D:4      | Gained mutation: You sometimes yell uncontrollably at your foes. [potion of mutation]
  3979 | D:4      | Gained mutation: You are very weak. (Str -4) [potion of mutation]
  3979 | D:4      | Gained mutation: You have sharp fingernails. [potion of mutation]
  3981 | D:4      | XOM: mild Tloc miscast
  3982 | D:4      | Noticed a spatial vortex
  3989 | D:4      | XOM: noise
  3996 | D:4      | XOM: summons friendly crimson imp
  3999 | D:4      | XOM: confusion
  4003 | D:4      | Killed NullDivider's ghost
  4003 | D:4      | Reached skill level 8 in Axes
  4003 | D:4      | Reached XP level 7. HP: 12/52 MP: 7/7
  4101 | D:4      | XOM: medium Ice miscast
  4373 | D:4      | Found Huun's General Store.
  4697 | D:5      | Entered Level 5 of the Dungeon
  4771 | D:5      | Found Dume's Book Shoppe.
  4837 | D:5      | XOM: confusion
  4842 | D:5      | XOM: enchant monster (bad)
  4849 | D:5      | Reached skill level 1 in Dodging
  4854 | D:5      | XOM: summons 2 hostile shadow creatures
  4860 | D:5      | Reached XP level 8. HP: 16/58 MP: 8/8
  4864 | D:5      | HP: 2/58 [gnoll/spear[Xom] (1)]
  4868 | D:5      | Slain by a gnoll sergeant

Skill      XL: |  1  2  3  4  5  6  7 |
---------------+----------------------+-----
Axes           | 4 5 6 8 |  8.6
Dodging        | 1 |  1.2
Fighting       | |  3.4
Armour         | |  2.3

Action                   |  1- 3 |  4- 6 |  7- 9 || total
-------------------------+-------+-------+-------++-------
Melee: Hand axe          |    51 |   176 |    40 ||   267
 Abil: Dig               |       |       |     1 ||     1
  Use: Potion            |       |     9 |     3 ||    12
       Scroll            |       |       |     2 ||     2
 Stab: Paralysed         |       |     3 |       ||     3
       Distracted        |       |     1 |       ||     1
       Sleeping          |       |     1 |       ||     1
       Invisible         |       |     1 |       ||     1
  Eat: Chunk             |       |     3 |       ||     3
       Bread ration      |       |     1 |       ||     1
       Meat ration       |       |     1 |       ||     1
Armor: Leather armour    |     9 |    63 |    25 ||    97
       Skin              |       |    15 |       ||    15
Dodge: Dodged            |    16 |    97 |    40 ||   153
